 Dungeon Crawl Stone Soup version 0.29-a0-231-g945431f764 (webtiles) character file.

Game seed: 16373351119172244770

164 Marcotte the Ruffian (level 5, -2/52 HPs)
             Began as a Troll Fighter on Feb 28, 2022.
             Was a Believer of Dithmenos.
             Killed from afar by an orc wizard (6 damage)
             ... with a magic dart
             ... on level 3 of the Dungeon.
             The game lasted 00:06:31 (2454 turns).

Marcotte the Ruffian (Troll Fighter)                Turns: 2454, Time: 00:06:32

Health: -2/52      AC:  4    Str: 26    XL:     5   Next: 21%
Magic:  4/4        EV:  9    Int:  4    God:    Dithmenos [**....]
Gold:   180        SH:  7    Dex:  9    Spells: 4/4 levels left

rFire   . . .      SeeInvis .     - Unarmed
rCold   . . .      Faith    .   b - +0 kite shield
rNeg    . . .      Spirit   .   a - +0 robe
rPois   .          Reflect  .   (helmet restricted)
rElec   .          Harm     .   (no cloak)
rCorr   .          Rampage  .   (gloves unavailable)
Will    .....                   (boots unavailable)
Stlth   +.........              (no amulet)
HPRegen 0.97/turn               (no ring)
MPRegen 0.09/turn               (no ring)

@: mighty, lethally poisoned (-2 -> -3), wreathed by umbra
A: large, unfitting armour, claws 3, regeneration 1, shaggy fur 1, tough skin 1,
mutation resistance 1
a: Renounce Religion, Shadow Step


You were on level 3 of the Dungeon.
You worshipped Dithmenos.
Dithmenos was pleased with you.
You visited 1 branch of the dungeon, and saw 3 of its levels.

You collected 180 gold pieces.

Inventory:

Armour
 a - a +0 robe (worn)
 b - a +0 kite shield (worn)
 o - a +2 pair of gloves
Scrolls
 d - 2 scrolls of blinking {unknown}
 e - a scroll of holy word {unknown}
 g - a scroll of immolation {unknown}
 h - a scroll of amnesia {unknown}
 k - a scroll of magic mapping {unknown}
 m - a scroll of enchant armour {unknown}
 n - a scroll of noise {unknown}
Potions
 i - a potion of cancellation


   Skills:
 + Level 2.9 Fighting
 + Level 3.1 Dodging
 + Level 0.3 Stealth
 + Level 3.0 Shields
 + Level 3.7 Unarmed Combat


You had 4 spell levels left.
You didn't know any spells.
Your spell library contained the following spells:

 Spells                   Type           Power      Damage    Failure   Level
 Ensorcelled Hibernation  Hex/Ice        0%         N/A       90%         2
 Passwall                 Tmut/Erth      0%         N/A       90%         2
 Swiftness                Air            0%         N/A       99%         3


Dungeon Overview and Level Annotations

Branches:
Dungeon (3/15)

Altars:
Dithmenos


Innate Abilities, Weirdness & Mutations

You are too large for most types of armour.
You have claws for hands.
Your natural rate of healing is unusually fast.
You are covered in fur. (AC +1)
You have tough skin. (AC +1)
You are somewhat resistant to further mutation.


Message History

The orc wizard is almost dead.
You feel sick. You block something's attack. You block the orc wizard's attack.
You block the orc's attack.
You barely miss the orc wizard.
The orc wizard is almost dead.
You feel sick. Something hits you.
* * * LOW HITPOINT WARNING * * *
The orc wizard misses you. The orc misses you. Something hits you.
* * * LOW HITPOINT WARNING * * *
It was a potion of cancellation.
You feel magically purged.
You feel sick. The orc wizard casts a spell at you. The magic dart hits you!
* * * LOW HITPOINT WARNING * * *
The orc hits you but does no damage.
You hear some strange, mumbled words.
A puff of flame appears from out of thin air!
You block the puff of flame.
It was a potion of curing.
You feel better.
The orc wizard gestures at you while chanting.
The puff of flame hits you.
* * * LOW HITPOINT WARNING * * *
You block the orc's attack. x2; Something hits you.
* * * LOW HITPOINT WARNING * * *
It was a potion of mutation.
You feel extremely strange.
You feel genetically stable.
The orc wizard hits you with a +0 dagger of venom.
* * * LOW HITPOINT WARNING * * *
You are poisoned.
You block the orc's attack. The orc completely misses you. Something hits you.
* * * LOW HITPOINT WARNING * * *
You feel very mighty all of a sudden.
You feel very sick. The orc wizard barely misses you.
You block the orc's attack. The orc hits you but does no damage.
Something completely misses you.
You closely miss the orc wizard.
The orc wizard is almost dead.
You feel sick.
The orc wizard gestures at you while chanting.
The magic dart hits you.
You die...

#..#.#.#....###########.'..
####.#.#................#..
#.#.#............##..#..
#.#.#.###...<....##..##.
#.#.#.# #............###
#.#.#.# #............###
#...#.# #............#.#
########.###...[........#..
..........@o...).....#..'..
########.o{o............#..
#.............##.#..#..
#.##.†o........#.#..##.
#.#....o#####..#.##.###
#.'............#.##.###
###.....####...#.......
#.....# #...#######.
#.....# #...#... ...


You could see an orc wizard and 4 orcs.

Vanquished Creatures
  A black bear (D:3)
  3 adders
  A worm (D:3)
  3 orcs (D:3)
  An endoplasm (D:1)
  A giant cockroach (D:1)
  4 goblins
  4 hobgoblins
  3 quokkas
  5 ball pythons
  4 bats
  6 frilled lizards
  7 kobolds
  4 rats
47 creatures vanquished.

Notes
Turn   | Place    | Note
-------+----------+-------------------------------------------
     0 | D:1      | Marcotte the Troll Fighter began the quest for the Orb.
     0 | D:1      | Reached XP level 1. HP: 22/22 MP: 0/0
   197 | D:1      | Found a faded altar of an unknown god.
   424 | D:1      | Prayed at the altar of an unknown god.
   424 | D:1      | Became a worshipper of Dithmenos the Shadowed
   424 | D:1      | Reached * piety under Dithmenos
   806 | D:1      | Reached XP level 2. HP: 29/29 MP: 1/1
  1270 | D:2      | Reached XP level 3. HP: 36/36 MP: 2/2
  1438 | D:2      | Reached ** piety under Dithmenos
  2188 | D:3      | Noticed a black bear
  2196 | D:3      | Killed a black bear
  2197 | D:3      | Reached XP level 4. HP: 39/44 MP: 3/3
  2197 | D:3      | Reached XP level 5. HP: 46/52 MP: 4/4
  2452 | D:3      | Gained mutation: You are somewhat resistant to further
                  | mutation. [potion of mutation]
  2454 | D:3      | Killed from afar by an orc wizard

Illustrated notes

Levels and vault maps discovered:
D:1:      dpeg_arrival_pits, layout_loops_ring,
          hellmonk_ecumenical_altar_pennies_from_heaven, grunt_decor_fettered
D:2:      layout_basic
D:3:      layout_basic, minmay_quadrilaterals

Skill      XL: |  1  2  3 |
---------------+----------+-----
Dodging        | 3 |  3.1
Shields        | 3 |  3.0
Unarmed Combat | 3 |  3.7
Fighting       | |  2.9
Stealth        | |  0.3

Action                   |  1- 3 |  4- 6 || total
-------------------------+-------+-------++-------
Melee: Unarmed           |   117 |    36 ||   153
  Use: Potion            |       |     6 ||     6
Armor: Robe              |    33 |    15 ||    48
Dodge: Dodged            |    49 |    19 ||    68
Block: Kite shield       |    41 |    20 ||    61

Table legend: (Time is in decaauts)
 A = Elapsed time spent in this place.
 B = Non-inter-level travel time spent in this place.
 C = Inter-level travel time spent in this place.
 D = Time resting spent in this place.
 E = Time spent auto-exploring this place.
 F = Levels seen in this place.
 G = Mean time per level.
                   A        B        C        D        E       F      G
               +--------+--------+--------+--------+--------+-----+--------+
         Total |   2470 |   2470 |      0 |    700 |    866 |   3 |  823.3 |
       Dungeon |   2470 |   2470 |      0 |    700 |    866 |   3 |  823.3 |
               +--------+--------+--------+--------+--------+-----+--------+

Top non-repeatable levels by time:
     D:1: 1086 daAuts
     D:2: 950 daAuts
     D:3: 434 daAuts
